Cogmind - Beta 9.6 @@@ ROGUE MODE // 2020.06.21 @ 14:59:39 Player: Vectis Result: Destroyed by 8R-AWN with 8R-AWN's Boregun Performance ------------- Evolutions (1) 500 Regions Visited (5) 1000 Robots Destroyed (45) 225 Value Destroyed (732) 732 Prototype IDs (2) 40 Alien Tech Used (0) 0 Bonus (-878) -878 TOTAL SCORE: 1619 Bonus ------- Follower Combat Kills 35 Friendly Fire -913 Cogmind --------- Core Integrity 0/400 Matter 295/300 Energy 24/100 System Corruption 0% Temperature Cool (0) Movement Core (50) Location -9/Exiles Parts ------- > --- POWER (1) -------- (None) > --- PROPULSION (2) --- (None) > --- UTILITY (4) ------ (None) > --- WEAPON (2) ------- Shock Rifle > --- INVENTORY (4) ---- Light Treads Autogun Rocket Launcher Peak State ------------ > --- POWER ------------ Ion Engine > --- PROPULSION ------- Light Treads Light Treads > --- UTILITY ---------- Disposable Heat Sink Medium Storage Unit Medium Storage Unit Hardened Light Armor Plating > --- WEAPON ----------- Advanced Beam Cannon Advanced Beam Cannon > --- INVENTORY -------- Ion Engine Wheel Wheel Compact Wheel Compact Matter Pod Utility Shielding Shock Rifle Shock Rifle Shock Rifle Shock Rifle Autogun Rocket Launcher [Rating: 17] Favorites ----------- Power Ion Engine Engine Ion Engine Propulsion Light Treads Treads Light Treads Utility Medium Storage Unit Device Disposable Heat Sink Storage Medium Storage Unit Processor Signal Interpreter Protection Hardened Light Armor Plating Weapon Advanced Beam Cannon Energy Gun Shock Rifle Energy Cannon Advanced Beam Cannon Ballistic Gun Assault Rifle Launcher Rocket Launcher Build | -11 -10 -10 -9 -9 -9 ------- Run | Scr Mat Min Mat Min Exi Slots Evolved 2 | . . . 2 . . Power . | . . . . . . Propulsion . | . . . . . . Utility 2 | . . . 2 . . Weapon . | . . . . . . Parts Attached 38 | 7 2 . 22 . 7 Power 2 | 1 . . 1 . . Engine 2 | 1 . . 1 . . Core . | . . . . . . Reactor . | . . . . . . Propulsion 6 | 2 . . 4 . . Treads 6 | 2 . . 4 . . Leg . | . . . . . . Wheel . | . . . . . . Hover . | . . . . . . Flight . | . . . . . . Utility 12 | 2 1 . 7 . 2 Device 1 | . . . 1 . . Storage 4 | 2 1 . 1 . . Processor 1 | . . . 1 . . Hackware . | . . . . . . Protection 6 | . . . 4 . 2 Artifact . | . . . . . . Weapon 18 | 2 1 . 10 . 5 Energy Gun 12 | 2 . . 6 . 4 Energy Cannon 3 | . . . 3 . . Ballistic Gun 2 | . 1 . 1 . . Ballistic Cannon . | . . . . . . Launcher 1 | . . . . . 1 Special Weapon . | . . . . . . Impact Weapon . | . . . . . . Slashing Weapon . | . . . . . . Piercing Weapon . | . . . . . . Special Melee Weapon . | . . . . . . Unidentified Prototypes 2 | . . . 2 . . Parts Lost 11 | . . . 1 . 10 Power 1 | . . . . . 1 Propulsion 2 | . . . . . 2 Utility 4 | . . . . . 4 Weapon 4 | . . . 1 . 3 Highest Loss Streak 8 | . . . 1 . 8 Average Slot Usage (%) 96 | . 100 100 97 100 90 Engine 11 | . 14 14 11 11 10 Treads 22 | . 28 28 21 22 21 Device 7 | . . . 4 11 10 Storage 18 | . 28 28 22 22 7 Protection 13 | . . . 14 11 18 Energy Gun 8 | . 22 14 8 . 7 Energy Cannon 10 | . . . 11 22 8 Ballistic Gun 2 | . 5 14 2 . . Launcher 1 | . . . . . 5 Naked Turns . | . . . . . . Heaviest Build 35 | 17 21 21 35 35 35 Greatest Support 40 | 40 40 40 40 40 40 Greatest Overweight (x) . | . . . . . . Average Overweight (x) . | . . . . . . Largest Inventory Capacity 12 | 8 10 10 12 12 12 Average Capacity 9 | 6 8 10 11 12 6 Most Carried 12 | 5 9 10 12 12 12 Average Carried 9 | 2 7 9 10 12 6 Final Capacity 12 | 8 10 10 12 12 4 Final Carried 12 | 5 9 10 12 12 3 Class Distribution -------------------- 54% | Mutant 45% | Scavenger-Mutant Dominant Class ---------------- Mutant | -10/Materials Mutant | -10/Mines Scavenger-Mutant | -9/Materials Scavenger-Mutant | -9/Mines Mutant | -9/Exiles Resources | -11 -10 -10 -9 -9 -9 ----------- Run | Scr Mat Min Mat Min Exi Matter Collected 852 | 253 67 48 412 . 72 Remotely . | . . . . . . Salvage Created 1427 | 95 88 180 857 160 47 Parts 74 | 4 8 10 49 3 . Haulers Intercepted 2 | . 1 . 1 . . Recyclers Shooed 3 | . . 2 1 . . Parts Field Recycled . | . . . . . . Retrieved Matter . | . . . . . . Parts Self-Destructed . | . . . . . . Prevented . | . . . . . . Kills | -11 -10 -10 -9 -9 -9 ------- Run | Scr Mat Min Mat Min Exi Combat Hostiles Destroyed 28 | . 3 3 18 2 2 Guns 13 | . 3 3 6 . 1 Cannons 12 | . . . 10 2 . AOE 3 | . . . 2 . 1 Classes Destroyed 10 | 1 2 1 5 . 1 Worker 5 | . . 2 3 . . Hauler 2 | . 1 . 1 . . Recycler 2 | 1 . 1 . . . Operator 1 | . . . 1 . . Watcher 1 | . . . 1 . . Swarmer 12 | . 3 3 4 2 . Grunt 9 | . . . 8 1 . Duelist 2 | . . . 2 . . Sentry 4 | . . . 4 . . Assembled 7 | . . . . . 7 Best Kill Streak 5 | 1 3 3 5 2 2 Combat Bots Only 4 | . 3 3 4 2 2 Max Kills in Single Turn 5 | 1 1 1 2 1 5 Gunslinging . | . . . . . . Exploded 2 | . . . 2 . 1 Melee . | . . . . . . Uniques/NPCs Destroyed 1 | . . . . . 1 EX-HEX (-9/Exiles) Combat | -11 -10 -10 -9 -9 -9 -------- Run | Scr Mat Min Mat Min Exi Damage Taken 2147 | . 49 72 685 26 1315 Core 423 | . 8 7 88 . 320 Absorbed by Shields . | . . . . . . Core Remaining (%) 97 | 100 . 94 . . . Volleys Fired 130 | 3 14 16 49 10 38 Largest 2 | 2 2 2 2 2 2 Hottest 136 | 100 100 70 136 136 95 Shots Fired 236 | 6 28 32 98 20 52 Gun 170 | 6 28 32 54 . 50 Cannon 64 | . . . 44 20 . Launcher 2 | . . . . . 2 Special . | . . . . . . Kinetic 35 | . 10 16 9 . . Thermal 104 | 6 18 16 44 20 . Explosive 2 | . . . . . 2 Electromagnetic 95 | . . . 45 . 50 Robot Hit Streak 20 | 2 8 11 20 5 17 Robot Miss Streak 4 | 1 3 4 3 2 3 Penetration Max . | . . . . . . Secondary Targets 1 | . 1 . . . . Max Gunslinging Chain 1 | . 1 . . . . Shots Hit Robots 159 | 4 18 16 65 12 44 Core Hits 67 | 2 5 9 27 9 15 Critical Hits 13 | . . . 10 3 . Critical Kills 4 | . . . 2 2 . Critical Parts Destroyed 8 | . . . 7 1 . Melee Attacks . | . . . . . . Impact . | . . . . . . Slashing . | . . . . . . Piercing . | . . . . . . Sneak Attacks . | . . . . . . Combat Hostiles . | . . . . . . Follow-up Attacks . | . . . . . . Damage Inflicted 2539 | 39 216 194 1401 288 401 Guns 1051 | 39 216 194 540 . 62 Cannons 1083 | . . . 795 288 . Explosions 401 | . . . 62 . 339 Melee . | . . . . . . Ramming 4 | . . . 4 . . Kinetic 190 | . 41 70 79 . . Thermal 1483 | 39 175 124 857 288 . Explosive 339 | . . . . . 339 Electromagnetic 523 | . . . 461 . 62 Impact . | . . . . . . Slashing . | . . . . . . Piercing . | . . . . . . Highest Corruption . | . . . . . . Average Corruption . | . . . . . . Corruption Purged . | . . . . . . Overload Shots . | . . . . . . Overflow Damage . | . . . . . . Projectiles . | . . . . . . Explosions . | . . . . . . Melee . | . . . . . . Knockbacks . | . . . . . . Impact . | . . . . . . Kinetic . | . . . . . . Secondary . | . . . . . . Self-Inflicted Damage 33 | . . . 33 . . Shots 1 | . . . 1 . . Rammed . | . . . . . . Targets Rammed 1 | . . . 1 . . Kicked . | . . . . . . Crushed 1 | . . . 1 . . Highest Temperature 400 | 117 156 81 400 199 199 Average Temperature 103 | 59 50 29 125 99 124 Received Heat Transfer 240 | . . . 231 . 9 Effects 3 | . . . 3 . . Shutdowns 1 | . . . 1 . . Energy Bleed 2 | . . . 2 . . Siege Activations . | . . . . . . Robots Corrupted . | . . . . . . Combat Hostiles . | . . . . . . Parts Fried 1 | . . . 1 . . Impact Corruptions . | . . . . . . Robots Melted . | . . . . . . Combat Hostiles . | . . . . . . Parts Melted 2 | . 1 . . 1 . Heat Transferred 2960 | 111 518 370 1443 518 . Parts Sabotaged . | . . . . . . Parts Stolen . | . . . . . . Parts Stripped . | . . . . . . Power Chain Reactions 1 | . . . 1 . . Missiles Intercepted . | . . . . . . Alert | -11 -10 -10 -9 -9 -9 ------- Run | Scr Mat Min Mat Min Exi Peak Influence 311 | 5 80 116 311 177 . Average Influence 88 | 2 65 61 112 76 . Maximum Alert Level 1 | . . . 1 . . Low Security (%) 93 | 100 100 100 87 100 . Level 1 6 | . . . 12 . . Level 2 . | . . . . . . Level 3 . | . . . . . . Level 4 . | . . . . . . Level 5 . | . . . . . . High Security . | . . . . . . Max Security . | . . . . . . Squads Dispatched 1 | . . . 1 . . Investigation 1 | . . . 1 . . Extermination . | . . . . . . Reinforcement . | . . . . . . Assault . | . . . . . . Garrison . | . . . . . . Intercept . | . . . . . . Construction Impeded . | . . . . . . Haulers Reinforced . | . . . . . . Stealth | -11 -10 -10 -9 -9 -9 --------- Run | Scr Mat Min Mat Min Exi Distress Signals 4 | . . . 4 . . Communications Jammed . | . . . . . . Distress Signals . | . . . . . . Times Spotted 41 | . 3 3 29 3 3 Peak Tracking Total 5 | . 1 3 5 3 4 Tactical Retreats 2 | . . . 2 . . Traps | -11 -10 -10 -9 -9 -9 ------- Run | Scr Mat Min Mat Min Exi Traps Triggered . | . . . . . . Indirectly . | . . . . . . Trap Hack Attempts . | . . . . . . Triggered . | . . . . . . Disarmed . | . . . . . . Reprogrammed . | . . . . . . Reused . | . . . . . . Traps Extracted . | . . . . . . Installed . | . . . . . . Triggered 1 | . . . 1 . . Machines | -11 -10 -10 -9 -9 -9 ---------- Run | Scr Mat Min Mat Min Exi Machines Disabled 3 | . . . . . 3 Max in Single Turn 2 | . . . . . 2 Machines Sabotaged . | . . . . . . Garrisons Compromised . | . . . . . . Overloaded Fab Kills . | . . . . . . Fab Network Shutdowns . | . . . . . . Hacking | -11 -10 -10 -9 -9 -9 --------- Run | Scr Mat Min Mat Min Exi Machines Accessed 11 | . 1 . 9 . 1 Terminals 7 | . 1 . 6 . . Fabricators . | . . . . . . Repair Stations 2 | . . . 2 . . Recycling Units 1 | . . . 1 . . Scanalyzers . | . . . . . . Garrison Access . | . . . . . . Total Hacks 36 | . 3 . 32 . 1 Successful 22 | . . . 21 . 1 Failed 14 | . 3 . 11 . . Catastrophic 1 | . . . 1 . . Database Lockouts . | . . . . . . Manual 13 | . 3 . 10 . . Terminals 21 | . 3 . 18 . . Fabricators . | . . . . . . Repair Stations 13 | . . . 13 . . Recycling Units 1 | . . . 1 . . Scanalyzers . | . . . . . . Garrison Access . | . . . . . . Terminal Hacks 6 | . . . 5 . 1 Record 1 | . . . . . 1 Branch Access Points 1 | . . . 1 . . Locate Traps 1 | . . . 1 . . Zone Layout 3 | . . . 3 . . Fabricator Hacks . | . . . . . . Repair Station Hacks 12 | . . . 12 . . Scan Component 6 | . . . 6 . . Repair 6 | . . . 6 . . Recycling Unit Hacks . | . . . . . . Scanalyzer . | . . . . . . Garrison Access Hacks . | . . . . . . Unauthorized Hacks 4 | . . . 4 . . Terminals 3 | . . . 3 . . Track 2 | . . . 2 . . Botnet 1 | . . . 1 . . Fabricators . | . . . . . . Repair Stations . | . . . . . . Recycling Units 1 | . . . 1 . . Tunnel 1 | . . . 1 . . Scanalyzers . | . . . . . . Garrison Access . | . . . . . . Data Cores Recovered 1 | . . . 1 . . Used 1 | . . . 1 . . Hacking Detections 8 | . 1 . 7 . . Full Trace Events 2 | . 1 . 1 . . Feedback Events . | . . . . . . Feedback Blocked . | . . . . . . Robot Schematics Acquired . | . . . . . . Robots Built . | . . . . . . Matter . | . . . . . . Time . | . . . . . . Total Robot Build Rating . | . . . . . . Part Schematics Acquired . | . . . . . . Parts Built . | . . . . . . Matter . | . . . . . . Time . | . . . . . . Total Part Build Rating . | . . . . . . Parts Repaired 6 | . . . 6 . . Time 198 | . . . 198 . . Parts Recycled . | . . . . . . Recycled Matter . | . . . . . . Retrieved Matter . | . . . . . . Retrieved Components . | . . . . . . Parts Scanalyzed . | . . . . . . Part Schematics Acquired . | . . . . . . Parts Damaged . | . . . . . . Bothacking | -11 -10 -10 -9 -9 -9 ------------ Run | Scr Mat Min Mat Min Exi Used RIF Installer . | . . . . . . Robots Hacked . | . . . . . . Non-combat . | . . . . . . Combat . | . . . . . . Robot Hacks Applied . | . . . . . . Relay Couplers Released . | . . . . . . Robots Rewired . | . . . . . . Allies Hacked . | . . . . . . Hacks Repelled . | . . . . . . Allies | -11 -10 -10 -9 -9 -9 -------- Run | Scr Mat Min Mat Min Exi Total Allies 3 | . . . . 3 . Largest Group 3 | . . . . 3 2 Highest-Rated Group 40 | . . . . 40 32 Highest-Rated Ally 16 | . . . . 16 16 Total Orders 5 | . . . . 4 1 STAY 3 | . . . . 2 1 FOLLOW 2 | . . . . 2 . Ally Attacks 40 | . . . . 13 27 Total Damage 226 | . . . . 90 136 Kills 6 | . . . . 5 1 Allies Corrupted . | . . . . . . Allies Melted . | . . . . . . Intel | -11 -10 -10 -9 -9 -9 ------- Run | Scr Mat Min Mat Min Exi Robot Analysis Total . | . . . . . . Derelict Logs Recovered 2 | . . 1 . 1 . Drone Launches . | . . . . . . Drone Recoveries . | . . . . . . Exploration | -11 -10 -10 -9 -9 -9 ------------- Run | Scr Mat Min Mat Min Exi Turns Passed 3498 | 118 290 227 1219 570 1074 Spaces Moved 1558 | 59 150 110 479 238 522 Core 4 | 4 . . . . . Treads 1554 | 55 150 110 479 238 522 Legs . | . . . . . . Wheels . | . . . . . . Hover . | . . . . . . Flight . | . . . . . . Fastest Speed 50 | 50 160 160 160 160 160 Average Speed 159 | 152 160 160 160 160 160 Slowest Speed 160 | 160 160 160 160 160 160 Overloaded Moves . | . . . . . . Propulsion Burnouts . | . . . . . . Robots Hopped . | . . . . . . Cave-ins Triggered . | . . . . . . Exploration Rate (%) 34 | 6 23 47 38 37 53 Regions Visited 5 Branch Regions 3 Pre-discovered Areas 3 | . . . 1 1 1 Known Exits Taken 1 | . . . 1 . . Unknown Exits Taken 4 | 1 1 1 . 1 . Scrap Searched 1 | . . 1 . . . Spaces Dug . | . . . . . . Terrain Destroyed 18 | . . . 4 . 14 Melee . | . . . . . . Projectile . | . . . . . . AOE 18 | . . . 4 . 14 Actions | -11 -10 -10 -9 -9 -9 --------- Run | Scr Mat Min Mat Min Exi Total 2338 | 78 173 131 837 407 712 Wait 547 | 4 2 3 252 158 128 Move 1553 | 58 149 109 478 237 522 Hop . | . . . . . . Pick Up 30 | 6 4 2 12 . 6 Fast Attach 23 | 6 1 . 12 . 4 Attach 4 | 1 . . 1 . 2 Detach 3 | . . . 3 . . Swap 12 | . 1 . 10 . 1 Drop 33 | . 2 1 19 . 11 Fire 130 | 3 14 16 49 10 38 Melee . | . . . . . . Ram . | . . . . . . Kick . | . . . . . . Crush 1 | . . . 1 . . Escape Stasis . | . . . . . . Rewire 2 | . . . . 2 . Trap . | . . . . . . Miscellaneous . | . . . . . . Route ------- -11/Scrapyard -10/Materials (discovered 2 exits: *Mat / [*Min]) -10/Mines -9/Materials (discovered 2 exits: [*Mat] / *Min) -9/Mines (discovered 2 exits: [*Mat] / *Exi) -9/Exiles (discovered 1 exit: [*Min]) History --------- Turn | Location | Event 43 | -11/Scrapyard | Discovered new exit (range 16) 119 | -11/Scrapyard | Entered Materials 162 | -10/Materials | Discovered new exit (range 11) 272 | -10/Materials | Discovered new exit (range 9) 305 | -10/Materials | Build established: Mutant 409 | -10/Materials | Entered Mines 459 | -10/Mines | A weapon hastily lodged in a ceiling crevice suddenly fell to the ground 617 | -10/Mines | Discovered new exit (range 15) 636 | -10/Mines | Entered Materials 636 | -9/Materials | Evolved 2 slots: Utility x2 1103 | -9/Materials | Repaired Shock Rifle 1142 | -9/Materials | Repaired Shock Rifle 1288 | -9/Materials | Repaired Hrd. Light Armor Plating 1403 | -9/Materials | Repaired Rocket Launcher 1430 | -9/Materials | Repaired Lgt. Treads 1470 | -9/Materials | Repaired Hrd. Light Armor Plating 1724 | -9/Materials | Build established: Scavenger-Mutant 1729 | -9/Materials | Discovered new exit (range 15) 1763 | -9/Materials | Identified exit to Mines 1855 | -9/Materials | Entered Mines 1876 | -9/Mines | Assisted by bots powering up and referring to "LRC-V3" 1912 | -9/Mines | Assembled infested the area 2220 | -9/Mines | Learned location of Storage (-7) 2225 | -9/Mines | Discovered new exit (range 6) 2410 | -9/Mines | Discovered new exit (range 5) 2425 | -9/Mines | Entered Exiles 2425 | -9/Exiles | Accompanied by 2 allies 2446 | -9/Exiles | Discovered new exit (range 15) 2465 | -9/Exiles | Met 8R-AWN 2491 | -9/Exiles | Met EX-HEX 2568 | -9/Exiles | Met EX-DEC 2600 | -9/Exiles | Learned location of Zion (-7) 3089 | -9/Exiles | Build established: Mutant 3352 | -9/Exiles | Attacked by the Exiles 3361 | -9/Exiles | Allies destroyed EX-HEX 3462 | -9/Exiles | Core integrity fell below 50% 3483 | -9/Exiles | Core integrity fell below 20% 3499 | -9/Exiles | Destroyed by 8R-AWN with 8R-AWN's Boregun Last Messages --------------- 03452_ Penetrated by HV Slug. 03456_ Critical hit. 03456_ Lgt. Treads destroyed. 03461_ Penetrated by HV Slug. 03471_ Machine disabled. 03473_ Penetrated by HV Slug. 03473_ Critical hit. 03473_ Shock Rifle destroyed. 03473_ Penetrated by HV Slug. 03481_ Acquired Shock Rifle. 03482_ HV Slug penetrates Wall. 03482_ Penetrated by HV Slug. 03482_ HV Slug penetrates Assembled Analyzer. 03486_ Penetrated by HV Slug. 03486_ Disposable Heat Sink destroyed. 03486_ Penetrated by HV Slug. 03495_ HV Slug penetrates Wall. 03495_ Penetrated by HV Slug. 03495_ HV Slug penetrates Machine. 03499_ Penetrated by HV Slug. Map ----- +----------------------------------------------------+ | ?????????????????????????????????????????????????? | | ?????????????????????????????????????????????????? | | ?????????????????????????????????????????????????? | | ?????????????????????????????????????????????????? | | ?????????????????????????????????????????????????? | | ?????????????????????????????????????????????????? | | ?????????????????????????????????????????????????? | | ?????????????????????????????????????????????????? | | ?????????????????????????????????????????????????? | | ?????????????????????????????????????????????????? | | ?????????????????????????????????????????????????? | | ??????????????????????????????????????????????? | | #?????????????????????????????????????????????? | | #????#### ######?????????????????????????????? | | #####"""" """"##????????????????????????????? | | " "" """"##???????????????????????????? | | "" " #???????????????????????????? | | """#???????????????????????????? | | a"#???????????#####???????????? | | "##?????????##" #???????????? | | "###???????#" #???????????? | | " ""#??????##" ##??????????? | | """ *%! ###??### ###????????# | | ???#""" =!![= #;#??# ########## | | ???##""" !%! !;#### #""""## | | ????#"""" !! @;## | | ???##"" % g ## | | ####"""" #### | | #""" ""#?#"""""#### | | "" #"""##?#######??#### | | ######??????????????### | | ##?????????????????????? | | " ##??????????????????????? | | "" " " #???????????????????????? | | ##""" " " "" % %%%"##???????????????????????? | | ######""" """ ##????????????????????????? | | #????###""""# ##?????????????????????????? | | ####???######??# ###???????????????????????????? | | "!#????????????????????????????????????????????? | | !#????????????????????????????????????????????? | | "#????????????????????????????????????????????? | | ""!"#????????????????????????????????????????????? | | #####????????????????????????????????????????????? | | ?????????????????????????????????????????????????? | | ?????????????????????????????????????????????????? | | ?????????????????????????????????????????????????? | | ?????????????????????????????????????????????????? | | ?????????????????????????????????????????????????? | | ?????????????????????????????????????????????????? | | ?????????????????????????????????????????????????? | +----------------------------------------------------+ Best States ------------- Heat Dissipation 28 Coolant Potential 50 Energy Generation 10 Energy Capacity 250 Matter Stores 300 Matter Capacity 300 Sight Range 16 Terrain Scan Density 10 Armor Coverage 450 Utility Shielding 33 Evasion (%) 40 Recoil Reduction 2 Item Schematics ----------------- None Robot Schematics ------------------ None Fabricated ------------ Nothing Alien Tech Used ----------------- None Achievements -------------- None Challenges ------------ None Game ------ Seed NovaDecoderEngine Manual? 0 Play Time 00:22:42 Cumulative 136.5 hours Start 2020.06.21 @ 14:37:30 End 2020.06.21 @ 14:59:39 Sessions 1 Manual Loads 0 Difficulty Rogue Special Mode None Game No. 57 Rogue 57 Adventurer 0 Explorer 0 Win Type - Total 7 Types 6/0/0/1/0/0/0 Lore% 71 Gallery% 68 Achievement% 58 Wizard Run 0 Options --------- ASCII 1 Keyboard 0 Movement Numpad Keybinds 0 Fullscreen 1 Font 18/SmallcapsGlow Map View 76x50 Tactical HUD 1 Map Filters NONE Filters NONE Steam 1 RUN: 3b4a7516-6ee1-4023-b4c3-28eff1a842a9